cohdb
Replays
Latest Replays
All Replays
Popular Replays
Top Player Replays
Match Explorer
How It Works
Community
CoH3 Stats
Reddit
Sign in to upload your games and track your stats! →
Sign in with Steam
Match 43219964
Unlisted
Match 43219964
Overview
Messages
Build Orders
End
Kradschützen Motorcycle Team
Selects Italian Combined Arms Battlegroup
Selects Bersaglieri Squad
Bersaglieri Squad
Bersaglieri Squad
Selects Bersaglieri Bolster
Bersaglieri Squad
Construct Light Support Kompanie
Fire Support Elements
Flakvierling Half-track
Pak 38 Mechanized Group
Selects Breda Model 30 Light Machine Guns
Vehicle Survival Package
Construct Panzerarmee Kommand
Emergency Repair Kits
MrGlaucus
Discoverer
ropicophop
RC40D
0
0
Comments
sign in to comment!
No comments posted yet!